 Dungeon Crawl Stone Soup version 0.20-a0-17-g69bea3c (webtiles) character file.

3313 mrath the Slasher (level 10, 0/73 HPs)
             Began as a Human Gladiator on Nov 5, 2016.
             Was a Believer of Qazlal.
             Slain by a hell hound (1 damage)
             ... on level 8 of the Dungeon.
             The game lasted 00:47:43 (11844 turns).

mrath the Slasher (Human Gladiator)                Turns: 11844, Time: 00:47:45

Health: 0/73       AC:  8    Str: 16    XL:     10   Next: 21%
Magic:  13/13      EV: 10    Int:  9    God:    Qazlal [**....]
Gold:   410        SH: 13    Dex: 16    Spells: 1 memorised, 12 levels left

rFire  . . .     SeeInvis .     E - +1 flail (holy)
rCold  . . .     Gourm    .     K - +0 scale mail
rNeg   . . .     Faith    .     r - +0 shield
rPois  .         Spirit   .     c - +0 helmet
rElec  .         Reflect  .     (no cloak)
rCorr  .         Harm     .     (no gloves)
MR     .....                    (no boots)
Stlth  ..........               (no amulet)
                                (no ring)
                                (no ring)

@: no status effects
A: no striking features
a: Upheaval, Renounce Religion


You were on level 8 of the Dungeon.
You worshipped Qazlal.
Qazlal was pleased with you.
You were not hungry.

You visited 2 branches of the dungeon, and saw 9 of its levels.

You collected 410 gold pieces.

Inventory:

Hand Weapons
 a - a +0 long sword
 j - a +1 mace of protection
 x - a +0 hunting sling
 E - a +1 flail of holy wrath (weapon)
 N - a +0 blowgun
 P - a +1 whip of venom
Missiles
 g - a throwing net
 k - 274 stones
 p - 142 sling bullets
 u - 33 poisoned needles
 w - a javelin (quivered)
 y - 4 tomahawks
Armour
 c - a +0 helmet (worn)
 r - a +0 shield (worn)
 I - a +0 chain mail
 K - a +0 scale mail (worn)
Wands
 t - a wand of flame (18/48)
 A - a wand of paralysis (12/24)
 B - a wand of polymorph (10/24)
 H - a wand of lightning (8/15)
Scrolls
 d - a scroll of immolation {unknown}
 e - 3 scrolls of remove curse
 o - 3 scrolls of identify {unknown}
 q - 2 scrolls of recharging {unknown}
 v - a scroll of random uselessness {unknown}
 C - a scroll of amnesia {unknown}
 J - 2 scrolls of magic mapping {unknown}
 L - 2 scrolls of fear {unknown}
 O - a scroll of enchant armour {unknown}
 Q - a scroll of enchant weapon {unknown}
Potions
 b - a potion of mutation {unknown}
 h - 2 potions of degeneration {unknown}
 l - a potion of might
 m - 5 potions of flight {unknown}
 s - 2 potions of resistance {unknown}
 z - a potion of ambrosia {unknown}
 F - a potion of heal wounds {unknown}
 G - a potion of curing {unknown}
Books
 D - a book of Callings

   Spells                             Type                      Level
   a - Summon Small Mammal            Summoning                    1
   b - Call Imp                       Summoning                    2
   c - Call Canine Familiar           Summoning                    3
   d - Summon Guardian Golem          Hexes/Summoning              3
   e - Summon Lightning Spire         Summoning/Air                4
   f - Summon Ice Beast               Ice/Summoning                4
Comestibles
 f - 7 bread rations
 i - 3 beef jerkies
 n - 3 meat rations
 M - 6 chunks of flesh


   Skills:
 + Level 4.5 Fighting
 + Level 7.0 Long Blades
 + Level 5.0 Throwing
 + Level 4.2 Armour
 + Level 5.5 Dodging
 + Level 4.5 Shields
 + Level 2.4 Spellcasting
 + Level 4.5 Invocations
 + Level 4.0 Evocations


You had 12 spell levels left.
You knew the following spells:

 Your Spells              Type           Power        Failure   Level  Hunger
a - Summon Small Mammal   Summ           #...         100%        1    ##.....


Dungeon Overview and Level Annotations

Branches:
Dungeon (8/15)             Temple (1/1) D:6
   Lair: D:8-11

Altars:
Ashenzari
Cheibriados
Dithmenos
Fedhas
Gozag
Hepliaklqana
Kikubaaqudgha
Makhleb
Nemelex Xobeh
Okawaru
Qazlal
Ru
Sif Muna
Trog
Uskayaw
Xom
Yredelemnul
The Shining One

Shops:
D:4 [


Message History

The hell hound is moderately wounded.
The hell hound breathes flames at you. The blast of flame misses you.
The hell hound misses you.
You riposte.
You slash the hell hound!
The hell hound is heavily wounded.
Wield which item (- for none, * to show all)? (? for menu, Esc to quit)
Your +1 flail of holy wrath softly glows with a divine radiance!
E - a +1 flail of holy wrath (weapon)
The hell hound bites you but does no damage.
You closely miss the hell hound.
The hell hound is heavily wounded.
You block the hell hound's attack. The hell hound barely misses you.
You closely miss the hell hound.
The hell hound is heavily wounded.
The hell hound closely misses you. The hell hound breathes flames at you.
The blast of flame hits you!
* * * LOW HITPOINT WARNING * * *
The hell hound bites you.
You die...

. . #...# #.#.
#...#
.#.#.##...###..
.....>..........
.#.#.#....####.#
.#.#............
.................
.........###..#.
#.......h@....#
......(#..#.####.
..(....#.........
..(....#.[.#.##..
.......#.........
###.......#.##..
............. .
....#..#.#.##..
....... ..... .


You could see a hell hound.

Vanquished Creatures
  2 hippogriffs (D:7)
  A wyvern (D:8)
  Eustachio (D:5)
  Menkaure (D:5)
  A hell hound (D:8)
  3 ice beasts
  A necrophage (D:7)
  4 ogres
  2 phantoms (D:6)
  A centaur (D:5)
  3 big kobolds (D:7)
  3 scorpions
  3 howler monkeys
  5 crimson imps
  A bullfrog zombie (D:6)
  2 hounds
  A jelly (D:5)
  A bullfrog skeleton (D:7)
  4 orc priests
  An orc wizard (D:7)
  Terence (D:3)
  An iguana (D:5)
  Ijyb (D:3)
  Natasha (thrice) (D:2 D:3)
  5 worker ants
  A howler monkey zombie (D:6)
  Robin (D:3)
  7 adders
  2 howler monkey skeletons
  2 shadow imps (D:6)
  2 oozes
  An adder zombie (D:6)
  An adder skeleton (D:4)
  2 worms (D:2)
  2 dart slugs (D:1)
  5 leopard geckos
  19 orcs
  2 ball pythons
  7 bats
  3 giant cockroaches (D:2)
  14 goblins
  12 hobgoblins
  23 jackals
  20 kobolds
  3 quokkas
  A ball python zombie (D:5)
  5 frilled lizards
  A giant cockroach zombie (D:6)
  A jackal zombie (D:6)
  A leopard gecko zombie (D:8)
  A quokka skeleton (D:5)
  A quokka zombie (D:5)
  11 rats
203 creatures vanquished.

Vanquished Creatures (others)
  A wizard (D:3)
1 creature vanquished.

Grand Total: 204 creatures vanquished

Notes
Turn   | Place    | Note
-------+----------+-------------------------------------------
     0 | D:1      | mrath the Human Gladiator began the quest for the Orb.
     0 | D:1      | Reached XP level 1. HP: 16/16 MP: 1/1
   300 | D:1      | Reached XP level 2. HP: 12/22 MP: 2/2
   774 | D:1      | Reached skill level 4 in Long Blades
   774 | D:1      | Reached XP level 3. HP: 21/27 MP: 3/3
  1383 | D:2      | Noticed Natasha
  1391 | D:2      | Killed Natasha
  1391 | D:2      | Reached XP level 4. HP: 3/33 MP: 4/4
  1726 | D:2      | Found a shattered altar of Ashenzari.
  1752 | D:2      | Reached skill level 5 in Long Blades
  2249 | D:2      | Reached XP level 5. HP: 38/38 MP: 5/5
  2638 | D:3      | Noticed Ijyb
  2642 | D:3      | Noticed Terence
  2657 | D:3      | Killed Ijyb
  2664 | D:3      | Killed Terence
  2664 | D:3      | Reached skill level 1 in Shields
  2843 | D:3      | Noticed Natasha
  2854 | D:3      | Killed Natasha
  2854 | D:3      | Reached XP level 6. HP: 31/44 MP: 6/6
  3011 | D:3      | Found a hide-covered altar of Uskayaw.
  3151 | D:3      | Reached skill level 1 in Armour
  3235 | D:3      | Found a stormy altar of Qazlal.
  3235 | D:3      | Noticed Robin
  3438 | D:3      | Killed Robin
  3661 | D:3      | Became a worshipper of Qazlal Stormbringer
  3709 | D:3      | You fall through a shaft for 2 floors!
  3709 | D:5      | Entered Level 5 of the Dungeon
  3812 | D:3      | Noticed Natasha
  3829 | D:3      | Killed Natasha
  4114 | D:3      | Found a bloodstained altar of Trog.
  4179 | D:3      | Noticed a wizard
  4183 | D:3      | Killed a wizard
  4510 | D:4      | Found a snail-covered altar of Cheibriados.
  4895 | D:4      | Found an iron altar of Okawaru.
  5295 | D:4      | Reached skill level 1 in Invocations
  5295 | D:4      | Reached XP level 7. HP: 51/51 MP: 7/7
  5480 | D:4      | Found Qere's Antique Armour Emporium.
  5623 | D:5      | Reached * piety under Qazlal
  5623 | D:5      | Reached skill level 1 in Evocations
  6115 | D:5      | Noticed Menkaure
  6294 | D:5      | Noticed Eustachio
  6966 | D:5      | Killed Eustachio
  6966 | D:5      | Reached XP level 8. HP: 31/58 MP: 9/9
  7249 | D:5      | Killed Menkaure
  7249 | D:5      | Reached skill level 6 in Long Blades
  8559 | D:6      | Reached XP level 9. HP: 54/64 MP: 11/11
  9477 | D:6      | Found a staircase to the Ecumenical Temple.
  9485 | Temple   | Entered the Ecumenical Temple
  9661 | Temple   | Learned a level 1 spell: Summon Small Mammal
  9746 | D:6      | Found a hazy altar of Hepliaklqana.
  9781 | D:6      | Reached skill level 5 in Dodging
 10001 | D:7      | Reached skill level 1 in Spellcasting
 10009 | D:7      | Reached ** piety under Qazlal
 10778 | D:7      | Noticed a hippogriff
 10798 | D:7      | Killed a hippogriff
 10871 | D:7      | Found a sparkling altar of Nemelex Xobeh.
 11223 | D:7      | Reached XP level 10. HP: 63/72 MP: 13/13
 11643 | D:8      | Reached skill level 7 in Long Blades
 11790 | D:8      | Reached skill level 5 in Throwing
 11844 | D:8      | HP: 1/73 [hell hound/blast of flame (9)]
 11844 | D:8      | Slain by a hell hound

Vault maps used:
D:1:      lightli_arrival_statue_moat
D:2:      ashenzari_conservatory_becter, hangedman_abyss_or_decor_lesser_grid,
          uniq_natasha
D:3:      marbit_many_paths, lemuel_crystal_altar, first_bread,
          minmay_misc_feat_square, trog_wizard, uniq_iyjb, uniq_terence,
          uniq_robin
D:4:      okawaru_gym_becter, nicolae_overflow_crystal_walls, serial_shops,
          shop, kennysheep_generic_room_15
D:5:      kennysheep_decorative_pillar, uniq_eustachio, uniq_menkaure
D:6:      corexii_shack_village, basic_altar, grunt_ministairs_8
D:7:      old_standard_altar
D:8:      minmay_lair_entry_lava
Temple:   minmay_temple_curvy_loop

Skill      XL: |  1  2  3  4  5  6  7  8  9 10 |
---------------+-------------------------------+-----
Long Blades    | 4 5 6 7 |  7.0
Shields        | 1 2 3 4 |  4.5
Armour         | 1 2 3 4 |  4.2
Invocations    | 1 2 4 |  4.5
Evocations     | 1 2 3 4 |  4.0
Fighting       | 3 4 |  4.5
Throwing       | 3 4 5 |  5.0
Dodging        | 4 5 |  5.5
Spellcasting   | 1 2 |  2.4

Action                   |  1- 3 |  4- 6 |  7- 9 | 10-12 || total
-------------------------+-------+-------+-------+-------++-------
Melee: Long sword        |    76 |   255 |   499 |    66 ||   896
       Unarmed           |       |     2 |       |       ||     2
       Flail             |       |       |       |     2 ||     2
 Fire: Blowgun           |       |       |     5 |     4 ||     9
Throw: Throwing net      |       |     2 |     5 |       ||     7
       Stone             |       |       |    10 |       ||    10
       Javelin           |       |       |     7 |    17 ||    24
       Tomahawk          |       |       |     8 |       ||     8
  Use: Scroll            |       |       |     1 |       ||     1
  Eat: Chunk             |     1 |    13 |    16 |     2 ||    32
       Pizza             |       |       |     1 |       ||     1
       Beef jerky        |       |       |     2 |       ||     2
Armor: Leather armour    |    24 |    57 |       |       ||    81
       Ring mail         |       |    21 |       |       ||    21
       Scale mail        |       |    10 |   196 |    19 ||   225
Dodge: Dodged            |    64 |   202 |   246 |    21 ||   533
Block: Other             |       |       |     6 |       ||     6
       Shield            |       |       |   231 |    35 ||   266
       Rpst.: Long sword |    20 |    57 |    82 |     7 ||   166
